 Dungeon Crawl Stone Soup version 0.31-a0-473-g61b50ae490 (webtiles) character file.

Game seed: 11269464241533699304

4 Xavori the Cutter (level 1, -7/16 HPs)
             Began as an Octopode Chaos Knight on Aug 6, 2023.
             Was a Plaything of Xom.
             Mangled by an iguana (14 damage)
             ... on level 1 of the Dungeon.
             The game lasted 00:00:15 (368 turns).

Xavori the Cutter (Octopode Chaos Knight)            Turns: 368, Time: 00:00:16

Health: -7/16      AC:  1    Str: 11      XL:     1   Next: 70%
Magic:  1/1        EV: 13    Int: 14      God:    Xom [......]
Gold:   50         SH:  0    Dex:  7 (11) Spells: 0/0 levels left

rFire   . . .        a - +0 short sword (chaos)
rCold   . . .        (no shield)
rNeg    . . .        (helmet restricted)
rPois   .            (no amulet)
rElec   .            (no ring)
rCorr   .            (no ring)
SInv    .            (no ring)
Will    .....        (no ring)
Stlth   ++           (no ring)
HPRegen 0.22/turn    (no ring)
MPRegen 0.07/turn    (no ring)
                     (no ring)

%: no passive effects
@: no status effects
A: almost no armour, amphibious, 8 rings, camouflage 1, gelatinous body 1,
(nimble swimmer 1), tentacles
a: Renounce Religion


You were on level 1 of the Dungeon.
You worshipped Xom.
You were a very special plaything of Xom.
You visited 1 branch of the dungeon, and saw 1 of its levels.

You collected 50 gold pieces.

Inventory:

Hand Weapons
 a - a +0 short sword of chaos (weapon)
Scrolls
 b - a scroll of butterflies
 c - a scroll of acquirement {unknown}
Potions
 d - a potion of heal wounds {unknown}


   Skills:
 + Level 3.1 Fighting
 + Level 3.1 Short Blades
 + Level 2.4 Dodging


You couldn't memorise any spells.
You didn't know any spells.
Your spell library was empty.

Dungeon Overview and Level Annotations

Branches:
Dungeon (1/15)

Altars:


Innate Abilities, Weirdness & Mutations

You cannot wear most types of armour.
You are amphibious.
You can wear up to eight rings at the same time.
Your skin changes colour to match your surroundings (Stealth+).
Your rubbery body absorbs attacks. (AC +1, EV +1)
((You are camouflaged when in or above water. (Stealth+)))
You have tentacles for arms and can constrict up to eight enemies at once.


Message History

You kill the hobgoblin!
A hobgoblin is nearby!
A hobgoblin is nearby!
You hit the hobgoblin.
The hobgoblin evaporates and reforms as an iguana!
Your grab misses the iguana.
An iguana is nearby!
You hit the iguana but do no damage.
The iguana seems to slow down.
You grab the iguana.
You constrict the iguana, but do no damage.
The iguana is no longer moving slowly.
The iguana bites you!
Ouch! That really hurt!
An iguana is nearby!
You are too injured to fight recklessly!
An iguana is nearby!
You are too injured to fight recklessly!
An iguana is nearby!
You are too injured to fight recklessly!
You are too injured to fight recklessly!
You barely miss the iguana. Your squeeze misses the iguana.
You constrict the iguana. The iguana barely misses you.
You hit the iguana but do no damage.
The iguana is lightly wounded.
You constrict the iguana. The iguana barely misses you.
You hit the iguana but do no damage.
The iguana is poisoned.
The iguana is lightly wounded.
You constrict the iguana, but do no damage.
The iguana hisses menacingly.
The iguana barely misses you.
You hit the iguana but do no damage.
You squeeze the iguana, but do no damage.
The iguana is lightly wounded.
You constrict the iguana. You barely miss the iguana.
You squeeze the iguana, but do no damage.
The iguana is moderately wounded.
You constrict the iguana. The iguana bites you!
Ouch! That really hurt!
You die...
Xom chuckles heartily!

#... #...#
#...+ #...#
#...# #...#
#...####.####
#..l@§§°.....
#...####.####
#........#
#....#####
####.# #.#
#.# #.# #.#
#.# .. #.#
#.# #.# #.#


You could see an iguana (very poisoned).

Vanquished Creatures
  A ball python (D:1)
  A hobgoblin (D:1)
  A quokka (D:1)
  A frilled lizard (D:1)
4 creatures vanquished.

Notes
Turn   | Place    | Note
-------+----------+-------------------------------------------
     0 | D:1      | Xavori the Octopode Chaos Knight began the quest for the
                  | Orb.
     0 | D:1      | Reached XP level 1. HP: 16/16 MP: 1/1
    56 | D:1      | XOM: summons 1 hostile demon
    57 | D:1      | Noticed a quasit
   236 | D:1      | XOM: summons 4 hostile shadow creatures
   359 | D:1      | XOM: smoke on damage
   362 | D:1      | a hobgoblin changed into an iguana
   362 | D:1      | Noticed an iguana
   368 | D:1      | Mangled by an iguana

Illustrated notes

Levels and vault maps discovered:
D:1:      minmay_arrival_wavy_path, layout_basic, serial_shops,
          nicolae_shop_statue_plus

Action                     || total
---------------------------++-------
  Melee: Short sword       ||    33
         Constrict         ||     5
         Tentacles         ||     4
   Stab: Paralysed         ||     2
 Armour: Skin              ||     6
  Dodge: Dodged            ||    24

Table legend: (Time is in decaauts)
 A = Elapsed time spent in this place.
 B = Non-inter-level travel time spent in this place.
 C = Inter-level travel time spent in this place.
 D = Time resting spent in this place.
 E = Time spent auto-exploring this place.
 F = Levels seen in this place.
 G = Mean time per level.
                   A        B        C        D        E       F      G
               +--------+--------+--------+--------+--------+-----+--------+
         Total |    363 |    363 |      0 |    172 |    139 |   1 |  363.0 |
       Dungeon |    363 |    363 |      0 |    172 |    139 |   1 |  363.0 |
               +--------+--------+--------+--------+--------+-----+--------+

Top non-repeatable levels by time:
     D:1: 363 daAuts
